 Dungeon Crawl Stone Soup version 0.31.0-11-ge490571c62 (webtiles) character file.

Game seed: 147707851476499755

62 qw the Shooter (level 3, -3/20 HPs)
             Began as a Deep Elf Hunter on Feb 4, 2024.
             Slain by a gnoll
             ... wielding a +0 flail
              (4 damage)
             ... on level 2 of the Dungeon.
             The game lasted 00:00:22 (1044 turns).

qw the Shooter (Deep Elf Hunter)                    Turns: 1044, Time: 00:00:23

Health: -3/20      AC:  5    Str: 10    XL:     3   Next: 85%
Magic:  5/5        EV: 11    Int: 13    God:
Gold:   123        SH:  0    Dex: 18    Spells: 2/2 levels left

rFire   . . .        a - +0 shortbow
rCold   . . .        (shield currently unavailable)
rNeg    . . .        g - +0 ring mail
rPois   .            (no helmet)
rElec   .            (no cloak)
rCorr   .            (no gloves)
SInv    .            (no boots)
Will    .....        (no amulet)
Stlth   +            (no ring)
HPRegen 0.23/turn    (no ring)
MPRegen 0.09/turn

%: no passive effects
@: no status effects
A: no striking features
a: no special abilities


You were on level 2 of the Dungeon.
You visited 1 branch of the dungeon, and saw 2 of its levels.

You collected 123 gold pieces.


   Skills:
 - Level 1.5 Fighting
 + Level 7.3 Ranged Weapons
 - Level 2.4 Dodging
 - Level 1.2 Stealth


You had 2 spell levels left.
You didn't know any spells.
Your spell library was empty.

Inventory:

Hand Weapons
 a - a +0 shortbow (weapon)
Armour
 b - a +0 pair of boots
 e - a +0 leather armour of fire resistance
 g - a +0 ring mail (worn)
Scrolls
 d - a scroll of fear {unknown}
 h - a scroll of enchant weapon {unknown}
Potions
 c - 2 potions of curing {unknown}
 f - a potion of mutation

Dungeon Overview and Level Annotations

Branches:
Dungeon (2/15)

Altars:

Shops:
D:1 [


Message History

You kill the kobold!
You hear an angry hiss.
An adder comes into view.
You shoot an arrow. The arrow hits the adder.
The adder is lightly wounded.
A gnoll comes into view. It is wielding a +0 flail.
You shoot an arrow. The gnoll shouts!
The arrow hits the adder.
The adder is moderately wounded.
The adder barely misses you.
You shoot an arrow. The arrow hits the adder.
The adder is heavily wounded.
The adder closely misses you.
You shoot an arrow. The arrow hits the adder.
The adder is heavily wounded.
The adder bites you but does no damage. The adder bites you.
You shoot an arrow. The arrow misses the adder.
The adder bites you. The adder barely misses you.
You shoot an arrow. The arrow barely misses the adder.
The arrow closely misses the gnoll.
The adder bites you.
You are poisoned.
The adder poisons you!
You shoot an arrow.
The arrow hits the adder but does no damage.
The adder is heavily wounded.
You feel sick. The adder bites you but does no damage.
The gnoll barely misses you.
You shoot an arrow. The arrow hits the adder!
You kill the adder!
You feel sick. The gnoll hits you with a +0 flail.
You shoot an arrow. The arrow hits the gnoll.
The gnoll is lightly wounded.
You feel sick. The gnoll hits you with a +0 flail.
You shoot an arrow. The arrow completely misses the gnoll.
You feel sick.
You are no longer poisoned.
The gnoll hits you with a +0 flail.
You die...

......###.####...#
......# #........#
### ......
#######..#
..###...# #..#
.......# #..#
#####.....# #[.#
..........# #..#
.!!...g...# #..#
#?...@%.# #..##
#).#..#.# #....
.($ #..#.## #.###
) #.##..# #.##.
..#...# #.##.
..##...# #.##.
.###..#.# #.##.
.######...##.#
#.##.
........####.#
#....


You could see a gnoll.

Vanquished Creatures
  An adder (D:2)
  2 ribbon worms (D:2)
  6 ball pythons
  8 bats
  4 endoplasms
  3 giant cockroaches (D:1)
  5 hobgoblins
  A quokka (D:2)
  2 frilled lizards
  3 goblins (D:1)
  4 kobolds
  7 rats
46 creatures vanquished.

Notes
Turn   | Place    | Note
-------+----------+-------------------------------------------
     0 | D:1      | qw the Deep Elf Hunter began the quest for the Orb.
     0 | D:1      | Reached XP level 1. HP: 12/12 MP: 3/3
     0 | D:1      | 0 ||| qw: Version: 0.3-a-160-g6735b56
     0 | D:1      | 0 ||| qw: Game counter: 5841
     0 | D:1      | 0 ||| qw: Melee chars always use a shield: true
     0 | D:1      | 0 ||| qw: God list: Okawaru
     0 | D:1      | 0 ||| qw: Allow faded altars: false
     0 | D:1      | 0 ||| qw: Do Orc after clearing Dungeon:15 true
     0 | D:1      | 0 ||| qw: Do second Lair branch before Depths: true
     0 | D:1      | 0 ||| qw: Lair rune preference: random
     0 | D:1      | 0 ||| qw: Goals: Normal
     0 | D:1      | 0 ||| PLANNING D:1-11
    26 | D:1      | Found Igymog's Armour Emporium.
    35 | D:1      | 35 ||| SHOPLISTING +1 scale mail of cold resistance (160
                  | gold, have 25).
   117 | D:1      | Reached XP level 2. HP: 16/16 MP: 4/4
   153 | D:1      | Reached skill level 6 in Ranged Weapons
   562 | D:1      | Reached XP level 3. HP: 20/20 MP: 5/5
   617 | D:1      | 617 ||| UPGRADING to +0 ring mail.
   627 | D:1      | 627 ||| DROPPING +0 leather armour.
   628 | D:1      | 628 ||| READING scroll labelled OTUVVAITAE.
   631 | D:1      | 631 ||| READING 2 scrolls labelled NINELI VOFUA.
   631 | D:1      | 631 ||| IDENTIFYING fizzy purple potion
   632 | D:1      | 632 ||| READING scroll of identify.
   632 | D:1      | 632 ||| IDENTIFYING scroll labelled FEGHID LOGHIEKAST
   633 | D:1      | 633 ||| DROPPING scroll of butterflies.
   634 | D:1      | 634 ||| DROPPING scroll of torment.
   913 | D:2      | Reached skill level 7 in Ranged Weapons
   914 | D:2      | Found a faded altar of an unknown god.
  1043 | D:2      | HP: 2/20 [gnoll/+0 flail (4)]
  1044 | D:2      | Slain by a gnoll

Levels and vault maps discovered:
D:1:      minmay_arrival_hallway, layout_basic, serial_shops, shop
D:2:      layout_loops_ring, hellmonk_ecumenical_altar_pennies_from_heaven,
          minmay_randomly_rotated_circles

Skill      XL: |  1  2  3 |
---------------+----------+-----
Ranged Weapons | 6 7 |  7.3
Fighting       | |  1.5
Dodging        | |  2.4
Stealth        | |  1.2

Action                     || total
---------------------------++-------
   Fire: Shortbow          ||   119
    Use: Scroll            ||     3
 Armour: Leather armour    ||    11
         Ring mail         ||    15
  Dodge: Dodged            ||    19

Table legend:
 A = Non-vault XP
 B = Vault XP
 C = Vault XP percentage of total XP
 D = Non-vault monster count
 E = Vault monster count
 F = Vault count percentage of total count
                 A         B        C        D         E       F
            +---------+---------+-------+---------+---------+-------
      Total |      68 |      21 |  23.6 |      41 |       5 |  10.9
            +---------+---------+-------+---------+---------+-------
        D:1 |      48 |       0 |   0.0 |      30 |       0 |   0.0
        D:2 |      20 |      21 |  51.2 |      11 |       5 |  31.2
            +---------+---------+-------+---------+---------+-------
